 Dungeon Crawl Stone Soup version 0.29-a0-582-ge82337ba6a (webtiles) character file.

Game seed: 7755929576938562781

1 RancidPinata the Sneak (level 1, -2/14 HPs)
             Began as a Gargoyle Delver on June 14, 2022.
             Slain by a scorpion (4 damage)
             ... on level 4 of the Dungeon.
             The game lasted 00:01:23 (285 turns).

RancidPinata the Sneak (Gargoyle Delver)             Turns: 285, Time: 00:01:24

Health: -2/14      AC:  5    Str: 15    XL:     1   Next: 20%
Magic:  1/1        EV: 11    Int: 10    God:
Gold:   0          SH:  0    Dex: 11    Spells: 0/0 levels left

rFire   . . .      SeeInvis .   a - +0 mace
rCold   . . .      Faith    .   (no shield)
rNeg    + . .      Spirit   .   b - +0 leather armour
rPois   ∞          Reflect  .   (no helmet)
rElec   +          Harm     .   (no cloak)
rCorr   .          Rampage  .   (no gloves)
Will    .....                   (no boots)
Stlth   +++.......              (no amulet)
HPRegen 0.04/turn               (no ring)
MPRegen 0.07/turn               (no ring)

@: no status effects
A: sickness immunity, AC +2, negative energy resistance 1, electricity
resistance, torment resistance 1, petrification resistance
a: no special abilities


You were on level 4 of the Dungeon.
You visited 1 branch of the dungeon, and saw 3 of its levels.

Inventory:

Hand Weapons
 a - a +0 mace (weapon)
Armour
 b - a +0 leather armour (worn)
Wands
 g - a wand of digging (3)
Scrolls
 c - a scroll of fog
 d - a scroll of magic mapping
 e - a scroll of fear
Potions
 f - a potion of haste


   Skills:
 + Level 3.3 Fighting
 + Level 2.0 Maces & Flails
 + Level 1.6 Dodging
 + Level 5.5 Stealth


You couldn't memorise any spells.
You didn't know any spells.
Your spell library was empty.

Dungeon Overview and Level Annotations

Branches:
Dungeon (6/15)
 Temple: D:4-7

Altars:


Innate Abilities, Weirdness & Mutations

You are immune to sickness and miasma.
Your stone body is resilient. (AC +2)
You are immune to poison.
You resist negative energy. (rN+)
You are resistant to electric shocks. (rElec)
You are resistant to unholy torment.
You are immune to petrification.


Message History

The endoplasm is moderately wounded.
The endoplasm freezes you.
You are frozen.
You thump the endoplasm!
You kill the endoplasm!
You start resting.
HP restored.
A phantom comes into view.
Found a grey potion.
Found a scroll labelled RURCHI YRHETHROQ.
Found a ring mail.
Okay, then.
You see here a grey potion.
You see here a scroll labelled RURCHI YRHETHROQ.
There is a stone staircase leading down here.
An iguana comes into view.
Found a chain mail and 20 stones.
A scorpion comes into view.
Found 21 stones.
The phantom attacks as you move away! The phantom hits you.
The phantom attacks as you move away! The phantom closely misses you.
You see here 20 stones.
The phantom attacks as you move away! The phantom hits you.
Found a ring mail.
You see here 21 stones.
The scorpion barely misses you. The scorpion stings you.
The scorpion barely misses you. The scorpion attacks as you move away!
The scorpion stings you.
* * * LOW HITPOINT WARNING * * *
The scorpion attacks as you move away! The scorpion closely misses you.
The scorpion barely misses you. The scorpion attacks as you move away!
The scorpion closely misses you. The scorpion barely misses you.
The scorpion attacks as you move away! The scorpion barely misses you.
The scorpion closely misses you. The scorpion attacks as you move away!
The scorpion stings you but does no damage.
The scorpion stings you.
You die...

#..# ..#.# ####
#..# ...#.# #.[#
##.#.# #..#
#.#.##### #..#
#.....s.# #..#
#...###.####
#W.#......# #..s.s
#ss#.###..# #....#
#@.# #..# ##.#>#
#..#.###..# #.#.#
#..#......# #.#.#
#..####...####.#.#
#..............#..
##..####..########
#..#.............
#........########
#.##..#.##


You could see a phantom and 2 scorpions.

Vanquished Creatures
  An endoplasm (D:4)
1 creature vanquished.

Notes
Turn   | Place    | Note
-------+----------+-------------------------------------------
     0 | D:5      | RancidPinata the Gargoyle Delver began the quest for the
                  | Orb.
     0 | D:5      | Reached XP level 1. HP: 14/14 MP: 1/1
    19 | D:5      | Noticed a necrophage
    28 | D:4      | Noticed a scorpion
   125 | D:4      | Noticed a phantom
   265 | D:4      | Noticed an iguana
   266 | D:4      | Noticed a scorpion
   285 | D:4      | Slain by a scorpion

Illustrated notes

Levels and vault maps discovered:
D:4:      layout_basic, grunt_temple_overflow_cloverleaf, corexii_corridor_pit,
          uniq_eustachio
D:5:      layout_loops_corners, kennysheep_mini, minmay_manual_mandibuliform
D:6:      kennysheep_kobold_camp, layout_basic, minmay_temple_entry_fiery,
          uniq_sigmund, uniq_maggie

Action                   || total
-------------------------++-------
Melee: Mace              ||     7
Armor: Leather armour    ||     3
Dodge: Dodged            ||    13

Table legend: (Time is in decaauts)
 A = Elapsed time spent in this place.
 B = Non-inter-level travel time spent in this place.
 C = Inter-level travel time spent in this place.
 D = Time resting spent in this place.
 E = Time spent auto-exploring this place.
 F = Levels seen in this place.
 G = Mean time per level.
                   A        B        C        D        E       F      G
               +--------+--------+--------+--------+--------+-----+--------+
         Total |    287 |    287 |      0 |     34 |     23 |   3 |   95.7 |
       Dungeon |    287 |    287 |      0 |     34 |     23 |   3 |   95.7 |
               +--------+--------+--------+--------+--------+-----+--------+

Top non-repeatable levels by time:
     D:4: 259 daAuts
     D:5: 21 daAuts
     D:6: 5 daAuts
